 Dungeon Sprint DCSS version 0.23.2-30-g0e89c35649 (webtiles) character file.

Game seed: 6461943285213143772

3108 mahrnol the Bludgeoner (level 9, 0/90 HPs)
             Began as a Minotaur Fighter on June 12, 2019.
             Was a Believer of Ru.
             Slain by an elephant (11 damage)
             ... in the Dungeon (Sprint IX: "|||||||||||||||||||||||||||||").
             The game lasted 00:07:04 (1064 turns).

mahrnol the Bludgeoner (Minotaur Fighter)           Turns: 1064, Time: 00:07:05

Health: 0/90       AC: 10    Str: 23    XL:     9   Next: 60%
Magic:  8/8        EV: 16    Int:  5    God:    Ru [**....]
Gold:   0          SH: 12    Dex: 11    Spells: 8/8 levels left

rFire    . . .     SeeInvis .   r - +2 morningstar (crush)
rCold    . . .     Gourm    .   c - +0 shield
rNeg     . . .     Faith    .   s - +1 scale mail
rPois    .         Spirit   .   (helmet restricted)
rElec    .         Reflect  .   (no cloak)
rCorr    .         Harm     .   (no gloves)
MR       .....     NoTele   +   (no boots)
Stlth    ++........             (no amulet)
HPRegen  0.25/turn              t - +2 ring of evasion
MPRegen  0.11/turn              u - +2 ring of evasion

@: no status effects
A: retaliatory headbutt, horns 2, inexperienced 1
a: Renounce Religion


You were in the Dungeon.
You worshipped Ru.
Ru was pleased with you.
You were not hungry.

You visited 1 branch

Inventory:

Hand Weapons
 a - a +0 flail
 r - a +2 morningstar of crushing (weapon)
Armour
 b - a +0 scale mail
 c - a +0 shield (worn)
 s - a +1 scale mail (worn)
Magical Staves
 q - an uncursed staff of energy
Jewellery
 t - a +2 ring of evasion (left hand)
 u - a +2 ring of evasion (right hand)
Wands
 p - a wand of iceblast (10)
Scrolls
 k - 2 scrolls of blinking
 n - 4 scrolls of remove curse
 o - 2 scrolls of amnesia
 w - a scroll of identify
 x - 2 scrolls of enchant weapon
 y - 2 scrolls of enchant armour
 z - a scroll of fear
Potions
 d - 2 potions of might
 e - a potion of agility
 g - 5 potions of heal wounds
 h - a potion of haste
 i - 4 potions of magic
 j - a potion of berserk rage
 l - a potion of brilliance
 m - 4 potions of curing
 v - a potion of resistance
Comestibles
 f - a ration
 A - a chunk of flesh


   Skills:
 + Level 12.1 Fighting
 + Level 15.8 Maces & Flails
 + Level 12.3 Armour
 + Level 6.8 Dodging
 + Level 7.7 Stealth
 + Level 10.7 Shields


You had 8 spell levels left.
You didn't know any spells.
Your spell library was empty.

Dungeon Overview and Level Annotations

Branches:
Dungeon (1/1)

Altars:
Cheibriados
Dithmenos
Elyvilon
Fedhas
Gozag
Hepliaklqana
Kikubaaqudgha
Makhleb
Nemelex Xobeh
Okawaru
Qazlal
Ru
Sif Muna
Trog
Uskayaw
Vehumet
Wu Jian
Xom
Yredelemnul
Zin
The Shining One
Beogh
Jiyva
Lugonu


Innate Abilities, Weirdness & Mutations

You reflexively headbutt those who attack you in melee.
You have a pair of horns on your head.
You are somewhat inexperienced. (-2 XL)


Message History

There is an open door to the Lair, spattered with blood here.
Things that are here:
a porcupine skeleton; a bullfrog skeleton You feel sick.
You feel sick.
You see here a +0 leather armour.
You see here a +2 glaive of flaming.
You see here a +0 dagger.
You feel sick.
You feel sick.
There is an open door here.
You feel sick.
You are no longer poisoned.
There isn't anything here!
Eat one of 2 chunks of flesh? (ye/n/q)
Okay, then.
Eat one of 2 chunks of flesh? (ye/n/q)
You eat one of the 2 chunks of flesh.
This raw flesh tastes terrible.
The elephant tramples you!
You die...

▓▓▓▓▓▓▓
▓<▓.Y.▓
▓.▓@▓.▓
▓.▓.▓.▓
▓.▓.▓D▓
▓÷▓.▓.▓
▓)▓.▓Y▓
▓.▓.▓.▓
▓.▓.▓'▓
▓.▓.▓.▓
▓.▓.▓.▓


You could see an elephant.

Vanquished Creatures
  A hydra (D)
  A deep elf mage (D)
  An ugly thing (D)
  A cyclops (D)
  2 black mambas (D)
  2 spiny frogs (D)
  A blink frog (D)
  A water moccasin (D)
  A porcupine (D)
  2 orc warriors (D)
  2 wolves (D)
  2 crocodiles (D)
  4 bullfrogs (D)
  A killer bee (D)
  2 worker ants (D)
  2 adders (D)
  An adder zombie (D)
  A leopard gecko (D)
  An orc (D)
  A ball python (D)
  A bat skeleton (D)
  2 bats (D)
  A giant cockroach zombie (D)
  A kobold (D)
  A leopard gecko zombie (D)
  A rat (D)
37 creatures vanquished.

Notes
Turn   | Place    | Note
-------+----------+-------------------------------------------
     0 | D        | mahrnol the Minotaur Fighter began the quest for the Orb.
     0 | D        | Reached XP level 1. HP: 19/19 MP: 0/0
   124 | D        | Noticed a worker ant
   151 | D        | Reached skill level 3 in Maces & Flails
   151 | D        | Reached XP level 2. HP: 13/28 MP: 1/1
   153 | D        | Reached skill level 5 in Fighting
   153 | D        | Reached skill level 4 in Maces & Flails
   153 | D        | Reached skill level 5 in Armour
   153 | D        | Reached skill level 5 in Shields
   153 | D        | Reached XP level 3. HP: 17/36 MP: 2/2
   308 | D        | Found a roughly hewn altar of Beogh.
   308 | D        | Found a snail-covered altar of Cheibriados.
   308 | D        | Found a shadowy altar of Dithmenos.
   308 | D        | Found a white marble altar of Elyvilon.
   308 | D        | Found a blossoming altar of Fedhas.
   308 | D        | Found an opulent altar of Gozag.
   309 | D        | Found a hazy altar of Hepliaklqana.
   310 | D        | Found a viscous altar of Jiyva.
   311 | D        | Found an ancient bone altar of Kikubaaqudgha.
   312 | D        | Found a corrupted altar of Lugonu.
   313 | D        | Found a burning altar of Makhleb.
   314 | D        | Found a sparkling altar of Nemelex Xobeh.
   315 | D        | Found an iron altar of Okawaru.
   316 | D        | Found a stormy altar of Qazlal.
   317 | D        | Found a sacrificial altar of Ru.
   318 | D        | Found a deep blue altar of Sif Muna.
   319 | D        | Found a bloodstained altar of Trog.
   320 | D        | Found a hide-covered altar of Uskayaw.
   321 | D        | Found a radiant altar of Vehumet.
   322 | D        | Found an ornate altar of the Wu Jian Council.
   323 | D        | Found a shimmering altar of Xom.
   324 | D        | Found a basalt altar of Yredelemnul.
   325 | D        | Became a worshipper of Ru the Awakened
   326 | D        | Found a glowing silver altar of Zin.
   327 | D        | Found a glowing golden altar of the Shining One.
   367 | D        | Noticed a bullfrog
   367 | D        | Noticed an orc warrior
   374 | D        | Reached XP level 4. HP: 42/44 MP: 3/3
   380 | D        | Killed a bullfrog
   380 | D        | Reached skill level 6 in Maces & Flails
   380 | D        | Reached skill level 1 in Dodging
   380 | D        | Reached XP level 5. HP: 47/51 MP: 4/4
   386 | D        | Killed an orc warrior
   386 | D        | Reached skill level 7 in Maces & Flails
   558 | D        | Noticed a cyan ugly thing
   558 | D        | Noticed a deep elf mage
   558 | D        | Noticed an orc warrior
   558 | D        | Noticed a cyclops
   566 | D        | Killed a cyan ugly thing
   566 | D        | Reached skill level 10 in Maces & Flails
   566 | D        | Reached skill level 10 in Armour
   566 | D        | Reached skill level 1 in Stealth
   566 | D        | Reached XP level 6. HP: 26/63 MP: 5/5
   566 | D        | Reached XP level 7. HP: 29/70 MP: 6/6
   574 | D        | Killed a deep elf mage
   574 | D        | Reached skill level 11 in Maces & Flails
   574 | D        | Reached XP level 8. HP: 35/79 MP: 7/7
   579 | D        | Reached skill level 10 in Fighting
   584 | D        | Killed a cyclops
   584 | D        | Reached skill level 12 in Maces & Flails
   584 | D        | Reached skill level 5 in Dodging
   586 | D        | Gained mutation: You are somewhat inexperienced. (-2 XL)
                  | [Ru sacrifice]
   586 | D        | Reached XP level 7. HP: 11/73 MP: 6/6
   586 | D        | Reached XP level 6. HP: 11/67 MP: 5/5
   586 | D        | Reached * piety under Ru
   586 | D        | Reached ** piety under Ru
   954 | D        | Noticed a black mamba
   954 | D        | Noticed a blink frog
   954 | D        | Noticed a spiny frog
   965 | D        | Killed a black mamba
   965 | D        | Reached skill level 13 in Maces & Flails
   965 | D        | Reached XP level 7. HP: 73/73 MP: 6/6
   967 | D        | Killed a spiny frog
   967 | D        | Reached skill level 5 in Stealth
   967 | D        | Reached XP level 8. HP: 81/81 MP: 7/7
   975 | D        | Reached skill level 14 in Maces & Flails
   988 | D        | Killed a blink frog
   988 | D        | Reached skill level 10 in Shields
  1001 | D        | Noticed a spiny frog
  1001 | D        | Noticed a six-headed hydra
  1001 | D        | Noticed a black mamba
  1004 | D        | Noticed an elephant
  1006 | D        | Killed a spiny frog
  1009 | D        | Noticed a seven-headed hydra
  1011 | D        | Killed a six-headed hydra
  1011 | D        | Reached skill level 15 in Maces & Flails
  1011 | D        | Reached XP level 9. HP: 43/90 MP: 8/8
  1023 | D        | Killed a black mamba
  1064 | D        | Slain by an elephant

Skill      XL: |  1  2  3  4  5  6  7  8  9 |
---------------+----------------------------+-----
Fighting       | 4 5 6 9 11 12 | 12.1
Armour         | 4 5 6 7 10 11 12 | 12.3
Shields        | 4 5 6 8 9 10 | 10.7
Maces & Flails | 3 4 6 10 13 11 15 | 15.8
Dodging        | 1 3 4 6 |  6.8
Stealth        | 1 5 7 |  7.7

Action                   |  1- 3 |  4- 6 |  7- 9 || total
-------------------------+-------+-------+-------++-------
Melee: Flail             |    37 |       |       ||    37
       Headbutt          |     5 |     5 |    10 ||    20
       Morningstar       |     7 |    30 |    66 ||   103
Invok: Sacrifice Experie |       |     1 |       ||     1
  Use: Potion            |     1 |     1 |       ||     2
 Stab: Invisible         |       |     1 |     6 ||     7
  Eat: Chunk             |       |       |     1 ||     1
Armor: Scale mail        |    30 |     8 |    11 ||    49
Dodge: Dodged            |    13 |    11 |    24 ||    48
Block: Shield            |    18 |     8 |    28 ||    54
